 Dungeon Crawl Stone Soup version 0.17-a0-1450-g7e755d1 (webtiles) character file.

44 Chiseanne the Grave Robber (level 3, 0/24 HPs)
             Began as a Demonspawn Wanderer on June 30, 2015.
             Killed from afar by Natasha (7 damage)
             ... with a magic dart
             ... on level 2 of the Dungeon.
             The game lasted 00:03:08 (1221 turns).

Chiseanne the Grave Robber (Demonspawn Wanderer)    Turns: 1221, Time: 00:03:08

Health: 0/24       AC:  6    Str: 10    XL:     3   Next: 41%
Magic:  1/6        EV: 10    Int: 16    God:
Gold:   45         SH:  0    Dex: 12    Spells: 2 memorised, 4 levels left

rFire  . . .     SeeInvis .     e - +0 dagger
rCold  . . .     Clarity  .     d - +0 robe
rNeg   . . .     SustAt   .     (no shield)
rPois  .         Gourm    .     (no helmet)
rElec  .         Spirit   .     (no cloak)
rCorr  .         Warding  .     o - +0 pair of gloves
rMut   .         Stasis   .     (no boots)
MR     .....                    (no amulet)
Stlth  ++........               (no ring)
                                (no ring)

@: very slightly contaminated, not resistant to hostile enchantments, unstealthy
A: molten scales 2
a: no special abilities


You were on level 2 of the Dungeon.
You were not hungry.

You visited 1 branch of the dungeon, and saw 2 of its levels.

You collected 45 gold pieces.

Inventory:

Hand weapons
 e - a +0 dagger (weapon)
Armour
 d - a +0 robe (worn)
 o - a +0 pair of gloves (worn)
Scrolls
 h - a scroll of fear {unknown}
 l - a scroll of remove curse {unknown}
 m - 2 scrolls of amnesia {unknown}
 p - a scroll of identify {unknown}
Potions
 c - 3 potions of curing
 i - a potion of magic {unknown}
 n - 2 potions of haste {unknown}
 q - a potion of invisibility {unknown}
Books
 a - a book of Necromancy

   Spells                             Type                      Level
   a - Pain                           Necromancy                   1
   b - Animate Skeleton               Necromancy                   1
   c - Vampiric Draining              Necromancy                   3
   d - Regeneration                   Charms/Necromancy            3
   e - Animate Dead                   Necromancy                   4
   f - Control Undead                 Necromancy                   4
 b - the Grimoire of Attacks

   Spells                             Type                      Level
   a - Sting                          Conjuration/Poison           1
   b - Throw Flame                    Conjuration/Fire             2
Comestibles
 f - a bread ration
 g - 9 fruits
 j - a chunk of flesh
 k - a meat ration


   Skills:
   Level 1.7 Polearms
 - Level 1.7 Stealth
   Level 1.0 Shields
 + Level 2.1 Spellcasting
 + Level 5.2 Necromancy


You had 4 spell levels left.
You knew the following spells:

 Your Spells              Type           Power        Failure   Level  Hunger
a - Pain                  Necr           ###.         2%          1    #......
b - Animate Skeleton      Necr           N/A          2%          1    #......


Dungeon Overview and Level Annotations

Branches:
Dungeon (2/15)

Altars:

Annotations:
D:2 Natasha


Innate Abilities, Weirdness & Mutations

You are mostly covered in molten scales (AC +3, EV -1).


Message History

Confirm with . or Enter, or press ? or * to list all spells.
You don't have enough magic to cast that spell.
You barely miss Natasha.
Natasha is almost dead.
Natasha misses you.
You hit Natasha.
You kill Natasha!
Natasha screams in fury as she dies!
Your Spellcasting skill increases to level 2!
Your Necromancy skill increases to level 5!
You have reached level 3!
Your experience leads to an increase in your attributes!
Increase (S)trength, (I)ntelligence, or (D)exterity?
You feel clever.
Your demonic ancestry asserts itself...
Molten scales spread over more of your body.
The crimson imp disappears in a puff of smoke!
Natasha, Servant of Life and Death comes into view.
Natasha casts a spell at you. The magic dart hits you!
You die...

#.....#.#†h.....
#...##........#
#..###.h.#.#.#.#
#.# #.###.....
#.. #.# ###.#...
#.# #.# .# #.#
.% #.# # # #.#
#@# #.#
####.###.#
##........#
##.<..######
#..#### #....#
.<........
#.........$#


You could see Natasha.

Vanquished Creatures
  Natasha (D:2)
  5 bats
  3 goblins (D:1)
  A hobgoblin (D:1)
  3 jackals (D:2)
  2 kobolds (D:1)
  4 rats (D:1)
19 creatures vanquished.

Notes
Turn   | Place    | Note
--------------------------------------------------------------
     0 | D:1      | Chiseanne the Demonspawn Wanderer began the quest for the Orb.
     0 | D:1      | Chiseanne set off with: a book of Necromancy, the Grimoire of Attacks, a potion of curing, a +0 robe, a +0 dagger, a bread ration
     0 | D:1      | Reached XP level 1. HP: 13/13 MP: 2/2
     0 | D:1      | Identified the Grimoire of Attacks
     2 | D:1      | Learned a level 1 spell: Animate Skeleton
     4 | D:1      | Learned a level 1 spell: Pain
   561 | D:1      | Gained mutation: You are partially covered in molten scales (AC +1). [demonic ancestry]
   561 | D:1      | Reached XP level 2. HP: 19/19 MP: 2/4
  1153 | D:2      | Noticed Natasha
  1210 | D:2      | Killed Natasha
  1210 | D:2      | Reached skill level 5 in Necromancy
  1210 | D:2      | Gained mutation: You are mostly covered in molten scales (AC +3, EV -1). [demonic ancestry]
  1210 | D:2      | Reached XP level 3. HP: 6/24 MP: 0/6
  1213 | D:2      | Noticed Natasha
  1221 | D:2      | Killed from afar by Natasha

Vault maps used:
D:1:      elethiomel_arrival_quiet, minmay_misc_feat_five
D:2:      ecumenical_altar_1, first_bread, nicolae_qazlal_general_emergency,
          uniq_natasha

Action                   || total
-------------------------++-------
Melee: Dagger            ||     4
 Cast: Pain              ||    31
       Animate Skeleton  ||    10
  Eat: Chunk             ||     2
